 Dungeon Crawl Stone Soup version 0.28.0-43-g3370ac3207 (webtiles) character file.

Game seed: 4034617427656160626

4396 cbfl8 the Cleaver (level 10, -13/88 HPs)
             Began as a Minotaur Berserker on Mar 7, 2022.
             Was a Priest of Trog (penitent).
             Mangled by a polar bear (25 damage)
             ... created by the rage of Trog
             ... on level 9 of the Dungeon.
             The game lasted 00:25:29 (14751 turns).

cbfl8 the Cleaver (Minotaur Berserker)             Turns: 14751, Time: 00:25:30

Health: -13/88     AC: 10    Str: 24    XL:     10   Next: 13%
Magic:  9/9        EV: 13    Int: 13    God:    Trog [***...]
Gold:   827        SH:  0    Dex: 12    Spells: 8/9 levels left

rFire   + . .      SeeInvis +   B - +9 hand axe of Sunlight {venom, rF+ Will- Int+4 SInv}
rCold   . . .      Faith    .   (no shield)
rNeg    . . .      Spirit   .   C - +1 ring mail of the Hall of Blades {Harm +Blink rCorr Int+5}
rPois   .          Reflect  .   (helmet restricted)
rElec   .          Harm     +   (no cloak)
rCorr   +          Rampage  .   r - +0 pair of gloves
Will    .....                   G - +0 pair of boots
Stlth   ++........              (no amulet)
HPRegen 0.24/turn               k - ring of flight
MPRegen 0.11/turn               (no ring)

@: about to teleport, flying
A: horns 2, retaliatory headbutt
a: Renounce Religion, Evoke Blink


You were on level 9 of the Dungeon.
You worshipped Trog.
Trog was demanding penance.
You visited 2 branches of the dungeon, and saw 10 of its levels.

You collected 866 gold pieces.
You spent 39 gold pieces at shops.

Inventory:

Hand Weapons
 a - a +0 hand axe
 u - a +0 hand axe of flaming
 x - a +2 dire flail of protection
 B - the +9 hand axe of Sunlight (weapon) {venom, rF+ Will- Int+4 SInv}
   (You found it on level 5 of the Dungeon)

   It poisons the flesh of those it strikes.
   Int:       It affects your intelligence (+4).
   rF:        It protects you from fire.
   SInv:      It lets you see invisible.
   Will:      It decreases your willpower.
Missiles
 J - 16 sling bullets
 L - 74 stones (quivered)
 M - 16 bolts
Armour
 b - a +0 animal skin
 o - a +0 ring mail
 r - a +0 pair of gloves (worn)
 v - a +0 chain mail
 C - the +1 ring mail of the Hall of Blades (worn) {Harm +Blink rCorr Int+5}
   (You found it on level 5 of the Dungeon)

   Int:       It affects your intelligence (+5).
   +Blink:    It lets you blink.
   rCorr:     It protects you from acid and corrosion.
   Harm:      It increases damage dealt and taken.
 G - a +0 pair of boots (worn)
Jewellery
 k - a ring of flight (left hand)
 K - an amulet of magic regeneration
Wands
 i - a wand of mindburst (35)
 t - a wand of charming (9)
 z - a wand of iceblast (6)
 F - a wand of paralysis (11)
Scrolls
 c - a scroll of teleportation
 d - 3 scrolls of noise
 n - a scroll of enchant armour
 y - 2 scrolls of holy word
 D - a scroll of brand weapon
 H - a scroll of fog {unknown}
Potions
 e - 4 potions of invisibility {unknown}
 f - 5 potions of curing
 g - 4 potions of lignification
 h - 4 potions of heal wounds
 j - a potion of brilliance
 l - a potion of mutation {unknown}
 m - 4 potions of haste
 p - 2 potions of degeneration {unknown}
 q - 3 potions of flight
 s - 2 potions of might {unknown}
 w - a potion of magic {unknown}
 A - a potion of cancellation {unknown}
 E - 4 potions of attraction {unknown}
 I - a potion of ambrosia {unknown}


   Skills:
 + Level 7.7 Fighting
 + Level 10.4(11.3) Axes
 + Level 7.3(9.9) Maces & Flails
 + Level 8.4 Armour
 + Level 5.6 Dodging
 + Level 3.1 Stealth


You had 8 spell levels left.
You knew the following spells:

 Your Spells              Type           Power      Damage    Failure   Level
a - Animate Skeleton      Necr           0%         N/A       41%         1

Your spell library contained the following spells:

 Spells                   Type           Power      Damage    Failure   Level
 Pain                     Necr           0%         1d4       41%         1
 Ensorcelled Hibernation  Hex/Ice        0%         N/A       56%         2
 Passwall                 Tmut/Erth      0%         N/A       56%         2
 Sublimation of Blood     Necr           0%         N/A       56%         2
 Call Canine Familiar     Summ           0%         N/A       80%         3
 Swiftness                Air            0%         N/A       80%         3
 Vampiric Draining        Necr           0%         2d6       80%         3
 Animate Dead             Necr           0%         N/A       99%         4
 Petrify                  Tmut/Erth      0%         N/A       99%         4
 Borgnjor's Vile Clutch   Necr/Erth      0%         N/A       100%        5
 Irradiate                Conj/Tmut      0%         3d14      100%        5
 Death Channel            Necr           0%         N/A       100%        6
 Summon Cactus Giant      Summ           0%         N/A       100%        6
 Haunt                    Necr/Summ      0%         N/A       100%        7


Dungeon Overview and Level Annotations

Branches:
Dungeon (9/15)             Temple (1/1) D:4            Lair (0/6) D:8
    Orc (0/2) D:9

Altars:
Ashenzari
Cheibriados
Dithmenos
Elyvilon
Fedhas
Gozag
Hepliaklqana
Kikubaaqudgha
Makhleb
Nemelex Xobeh
Okawaru
Qazlal
Ru
Sif Muna
Trog
Uskayaw
Vehumet
Wu Jian
Xom
Yredelemnul
Zin
The Shining One

Shops:
D:3 [[*?(

Annotations:
D:3 2 transporters


Innate Abilities, Weirdness & Mutations

You have a pair of horns on your head.
You reflexively headbutt those who attack you in melee.


Message History

Trog accepts your kill.
You slash the killer bee!
The killer bee is poisoned.
The killer bee is severely wounded.
You feel sick.
The killer bee stings you but does no damage.
You slash the killer bee!
You kill the killer bee!
Trog accepts your kill.
You feel sick.
You feel sick.
You see here a killer bee corpse.
Okay, then.
You start resting.
You feel sick. x7
You are no longer poisoned.
You start resting.
Trog sends monsters to punish you.
An ogre, 5 polar bears and 2 black bears come into view.
As you read the scroll of teleportation, it crumbles to dust.
You feel strangely unstable. The polar bear misses you.
The polar bear closely misses you. The polar bear misses you.
The polar bear bites you!! The polar bear barely misses you.
The polar bear claws you but does no damage.
The black bear closely misses you. The black bear misses you.
The black bear claws you but does no damage.
The polar bear completely misses you. You furiously retaliate!
You headbutt the polar bear!
The polar bear claws you but does no damage.
The polar bear barely misses you. The black bear closely misses you.
The black bear misses you.
The black bear claws you but does no damage.
The polar bear bites you!!
* * * LOW HITPOINT WARNING * * *
The polar bear claws you but does no damage.
The polar bear closely misses you. The polar bear barely misses you.
The polar bear claws you but does no damage. x2
The polar bear misses you. The polar bear closely misses you.
The polar bear claws you but does no damage.
The polar bear bites you!!
You die...

.#########
.........#
.........#
.....$...#
.......<.#
.........#
......hOh#
......hhh#####
##+##.h@h<...#
#........#
+........+
#........#
#.....>..#
########...
... ..


You could see 5 polar bears, 2 black bears and an ogre (berserk).

Vanquished Creatures
  A two-headed ogre (D:5)
  Pikel (D:7)
  A troll (D:6)
  Grinder (D:3)
  Edmund (D:4)
  Duvessa (D:4)
  An ice beast (D:6)
  A black bear (D:6)
  A sky beast (D:6)
  3 ogres
  4 centaurs
  A lemure (D:7)
  2 phantoms
  A kobold brigand (D:8)
  3 bullfrogs
  3 scorpions
  A water moccasin skeleton (D:7)
  Dowan (D:4)
  5 killer bees
  5 howler monkeys
  A centaur zombie (D:7)
  4 hounds
  A bullfrog skeleton (D:7)
  2 centaur skeletons (D:7)
  3 iguanas
  Ijyb (D:5)
  Natasha (thrice) (D:3)
  Terence (D:3)
  2 orc wizards (D:7)
  2 killer bee zombies (D:7)
  A hound skeleton (D:5)
  A howler monkey zombie (D:7)
  A gnoll (D:7)
  A howler monkey skeleton (D:7)
  9 adders
  2 white imps
  A worm (D:5)
  6 dart slugs
  14 orcs
  9 ball pythons
  12 bats
  4 endoplasms
  2 giant cockroaches
  4 goblins
  7 hobgoblins
  4 jackals (D:3)
  6 quokkas
  A frilled lizard (D:1)
  15 kobolds
  5 rats
163 creatures vanquished.

Notes
Turn   | Place    | Note
-------+----------+-------------------------------------------
     0 | D:1      | cbfl8 the Minotaur Berserker began the quest for the Orb.
     0 | D:1      | Reached XP level 1. HP: 19/19 MP: 0/0
   415 | D:1      | Reached skill level 4 in Axes
   415 | D:1      | Reached XP level 2. HP: 7/27 MP: 1/1
  1894 | D:2      | Reached XP level 3. HP: 33/33 MP: 2/2
  2631 | D:2      | Reached ** piety under Trog
  2993 | D:3      | Found Pyptemnu's Antique Armour Shop.
  2997 | D:3      | Got the Reference Book on the Entourage
  3021 | D:3      | Noticed Natasha
  3028 | D:3      | Killed Natasha
  3029 | D:3      | Reached XP level 4. HP: 22/41 MP: 3/3
  3224 | D:3      | Noticed Natasha
  3251 | D:3      | Found Erec's Armour Shoppe.
  3252 | D:3      | Killed Natasha
  3254 | D:3      | Found a transporter.
  3285 | D:3      | Found a transporter.
  3437 | D:3      | Noticed Terence
  3533 | D:3      | Noticed Natasha
  3544 | D:3      | Killed Natasha
  3545 | D:3      | Reached skill level 5 in Axes
  3865 | D:3      | Found Bauneuwk's General Store.
  3865 | D:3      | Found Nasm's Magic Scroll Emporium.
  3884 | D:3      | Reached skill level 1 in Stealth
  3884 | D:3      | Reached XP level 5. HP: 44/47 MP: 4/4
  3957 | D:3      | Bought a scroll of teleportation for 39 gold pieces
  3970 | D:3      | Found Hesoko's Weapon Shoppe.
  4027 | D:3      | Noticed Grinder
  4054 | D:3      | Killed Grinder
  4055 | D:3      | Reached skill level 5 in Fighting
  4055 | D:3      | Reached skill level 6 in Axes
  4055 | D:3      | Reached XP level 6. HP: 27/56 MP: 5/5
  4349 | D:3      | Found a shimmering blue altar of Sif Muna.
  4385 | D:3      | Found a hazy altar of Hepliaklqana.
  5056 | D:4      | Reached *** piety under Trog
  5211 | D:4      | Noticed Duvessa
  5262 | D:4      | Found a staircase to the Ecumenical Temple.
  5272 | Temple   | Entered the Ecumenical Temple
  5559 | D:4      | Reached XP level 7. HP: 36/61 MP: 6/6
  5703 | D:4      | Noticed Edmund
  5706 | D:4      | Noticed Dowan
  5796 | D:3      | Killed Terence
  6128 | D:4      | Killed Edmund
  6129 | D:4      | Reached skill level 7 in Axes
  6313 | D:4      | Killed Duvessa
  6728 | D:4      | Killed Dowan
  6839 | D:5      | Entered Level 5 of the Dungeon
  7184 | D:6      | Reached skill level 1 in Maces & Flails
  7184 | D:6      | Reached XP level 8. HP: 49/70 MP: 7/7
  7186 | D:6      | Reached skill level 5 in Armour
  7440 | D:5      | Noticed Ijyb
  7447 | D:5      | Killed Ijyb
  7506 | D:5      | Identified the +9 hand axe of Sunlight {venom, rF+ Will-
                  | Int+4 SInv}
  7605 | D:5      | Noticed a two-headed ogre
  7606 | D:5      | Identified the +1 ring mail of the Hall of Blades {Harm
                  | +Blink rCorr Int+5}
  7669 | D:5      | Killed a two-headed ogre
  7670 | D:5      | Reached skill level 5 in Maces & Flails
  7670 | D:5      | Reached skill level 5 in Dodging
  8477 | D:5      | Found a white marble altar of Elyvilon.
  8981 | D:6      | Reached XP level 9. HP: 71/78 MP: 8/8
  9094 | D:6      | Noticed a troll
  9105 | D:6      | Killed a troll
  9106 | D:6      | Reached skill level 8 in Axes
 10013 | D:7      | Reached skill level 9 in Axes
 10834 | D:7      | Noticed Pikel
 10848 | D:7      | Killed Pikel
 10890 | D:7      | Reached skill level 10 in Axes
 10890 | D:7      | Reached XP level 10. HP: 86/86 MP: 9/9
 11262 | D:8      | Found a staircase to the Lair.
 11263 | D:8      | Noticed a fire dragon
 12300 | D:8      | Was placed under penance by Trog
 12302 | D:8      | Learned a level 1 spell: Animate Skeleton
 14682 | D:9      | Found a staircase to the Orcish Mines.
 14751 | D:9      | Mangled by a polar bear

Illustrated notes

Levels and vault maps discovered:
D:1:      sevenhm_arrival_forest_fort_small_4, layout_basic
D:2:      layout_basic
D:3:      gammafunk_steamed_eel, layout_basic,
          mainiacjoe_overflow_catch_the_wave, serial_shops, shop,
          nicolae_shop_waterfront, nicolae_shop_waterfront, shop,
          nicolae_shop_advertising_works [nicolae_subvault_shop_adworks],
          uniq_natasha, uniq_terence, uniq_grinder
D:4:      minmay_wonky_spiral, layout_basic,
          minmay_temple_entry_enclosed_plants, uniq_edmund, uniq_duvessa
D:5:      layout_loops_cross, mainiacjoe_overflow_paths,
          chequers_serial_rivers_micro_b, uniq_ijyb
D:6:      layout_loops_corners
D:7:      minmay_polygon_palace, layout_basic, hangedman_decor_lopped,
          minmay_misc_feat_pillars, uniq_pikel
D:8:      layout_loops_ring, minmay_lair_entry_lava, hangedman_decor_slide_cut
D:9:      layout_gridville, orc_0_dummy, uniq_psyche, uniq_maurice
Temple:   mainiacjoe_temple_bowtie_tessellation

Skill      XL: |  1  2  3  4  5  6  7  8  9 |
---------------+----------------------------+-----
Axes           | 4 5 6 7 10 | 10.4
Fighting       | 4 5 6 7 |  7.7
Dodging        | 3 4 5 |  5.6
Stealth        | 1 2 3 |  3.1
Armour         | 3 4 6 8 |  8.4
Maces & Flails | 1 5 7 |  7.3

Action                   |  1- 3 |  4- 6 |  7- 9 | 10-12 || total
-------------------------+-------+-------+-------+-------++-------
Melee: Hand axe          |    69 |   113 |   123 |    24 ||   329
       Headbutt          |     8 |    22 |    40 |     4 ||    74
       Punch             |     1 |     2 |     2 |     1 ||     6
       Dire flail        |       |       |    49 |       ||    49
Invok: Berserk           |     1 |       |     7 |       ||     8
       Trog's Hand       |       |       |     4 |       ||     4
  Use: Scroll            |       |     1 |     9 |     5 ||    15
Armor: Animal skin       |    18 |    11 |       |       ||    29
       Ring mail         |       |    35 |    18 |    14 ||    67
       Chain mail        |       |       |    59 |       ||    59
Dodge: Dodged            |    72 |    76 |    95 |    34 ||   277
